 Dungeon Crawl Stone Soup version 0.28.0-53-g5a82cb258f (webtiles) character file.

Game seed: 9853107556115129508

999 Revguard the Cudgeller (level 8, 0/60 HPs)
             Began as a Demonspawn Gladiator on Aug 4, 2022.
             Was an Initiate of Kikubaaqudgha.
             Slain by a gnoll
             ... wielding a +1 flail of holy wrath
              (3 damage)
             ... on level 5 of the Dungeon.
             The game lasted 00:12:04 (5946 turns).

Revguard the Cudgeller (Demonspawn Gladiator)       Turns: 5946, Time: 00:12:06

Health: 0/60       AC:  6    Str: 14    XL:     8   Next: 0%
Magic:  0/13       EV: 12    Int: 12    God:    Kikubaaqudgha [......]
Gold:   169        SH:  0    Dex: 15    Spells: 14/14 levels left

rFire   . . .      SeeInvis .   d - +1 whip (flame)
rCold   . . .      Faith    .   (no shield)
rNeg    . . .      Spirit   +   i - +0 ring mail
rPois   .          Reflect  .   c - +0 helmet
rElec   .          Harm     .   (no cloak)
rCorr   .          Rampage  .   (no gloves)
Will    +....                   (no boots)
Stlth   +.........              e - amulet of the acrobat
HPRegen 0.20/turn               r - ring of willpower
MPRegen 0.26/turn               (no ring)

@: flying
A: powered by pain 2, magic shield, magic regeneration, demonic touch 1
a: Renounce Religion


You were on level 5 of the Dungeon.
You worshipped Kikubaaqudgha.
Kikubaaqudgha was noncommittal.
You visited 1 branch of the dungeon, and saw 5 of its levels.

You collected 169 gold pieces.

Inventory:

Hand Weapons
 d - a +1 whip of flaming (weapon)
Armour
 c - a +0 helmet (worn)
 i - a +0 ring mail (worn)
Jewellery
 e - an amulet of the acrobat (around neck)
 r - a ring of willpower (left hand)
Scrolls
 h - a scroll of teleportation
 n - 2 scrolls of immolation
Potions
 j - a potion of flight
 l - a potion of brilliance
 o - a potion of lignification {unknown}
 p - a potion of cancellation {unknown}


   Skills:
 + Level 3.7 Fighting
 + Level 3.9 Maces & Flails
 - Level 1.7 Throwing
 + Level 2.6 Armour
 + Level 3.9 Dodging
 * Level 3.7 Spellcasting
 + Level 3.8 Necromancy
 + Level 2.9 Evocations


You had 14 spell levels left.
You didn't know any spells.
Your spell library contained the following spells:

 Spells                   Type           Power      Damage    Failure   Level
 Ensorcelled Hibernation  Hex/Ice        4%         N/A       56%         2
 Passwall                 Tmut/Erth      1%         N/A       56%         2
 Gell's Gravitas          Tloc           2%         N/A       80%         3
 Swiftness                Air            2%         N/A       80%         3
 Teleport Other           Tloc           2%         N/A       80%         3
 Petrify                  Tmut/Erth      2%         N/A       99%         4
 Metabolic Englaciation   Hex/Ice        1%         N/A       100%        5
 Dispersal                Tloc           1%         N/A       100%        6
 Statue Form              Tmut/Erth      1%         N/A       100%        6


Dungeon Overview and Level Annotations

Branches:
Dungeon (5/15)
 Temple: D:4-7

Altars:
Kikubaaqudgha
Ru
Wu Jian


Innate Abilities, Weirdness & Mutations

You sometimes gain power by taking damage.
When hurt, damage is shared between your health and your magic reserves.
You regenerate magic rapidly.
Your touch may inflict minor irresistible damage on your foes.


Message History

The gnoll closely misses you.
The gnoll sergeant hits you with a +2 vampiric trident!
You hit the gnoll sergeant but do no damage.
The gnoll sergeant is moderately wounded.
The gnoll barely misses you. The gnoll sergeant barely misses you.
You hit the gnoll sergeant but do no damage.
The gnoll sergeant is moderately wounded.
The gnoll closely misses you.
You hit the gnoll sergeant but do no damage.
The gnoll sergeant is moderately wounded.
The gnoll sergeant hits you with a +2 vampiric trident.
The gnoll sergeant draws strength from your wounds!
The gnoll closely misses you.
You hit the gnoll sergeant but do no damage.
Your touch misses the gnoll sergeant.
The gnoll sergeant is moderately wounded.
The gnoll sergeant hits you but does no damage.
You hit the gnoll sergeant. You burn the gnoll sergeant.
The gnoll sergeant is heavily wounded.
The gnoll closely misses you. The gnoll sergeant closely misses you.
You hit the gnoll sergeant but do no damage.
Your touch misses the gnoll sergeant.
The gnoll sergeant is heavily wounded.
The gnoll closely misses you. The gnoll sergeant closely misses you.
You hit the gnoll sergeant. You burn the gnoll sergeant.
Your touch misses the gnoll sergeant.
The gnoll sergeant is severely wounded.
The gnoll hits you with a +1 flail of holy wrath!
You convulse!
* * * LOW HITPOINT WARNING * * *
The gnoll sergeant hits you with a +2 vampiric trident.
* * * LOW HITPOINT WARNING * * *
It was a potion of flight.
You feel very buoyant.
You fly up into the air.
The gnoll hits you with a +1 flail of holy wrath.
* * * LOW HITPOINT WARNING * * *
You convulse.
You die...
Kikubaaqudgha rasps: "You have failed me!
Welcome... death!"

........#####......#.......# #
.........##...##.....#.....# ..
.............####...##..#.###...
.............###................
...##.........#.................
#...#.....>...#.................
...#........#.#.................
...#.....##.#....))...........##
.(.............g@.)....###...##
........####...g.#...### .....
.........#.#....##....###.......
..............####..............
.......####...##
#...รท.#..?....#
....Z######.#..#.###..........
...#####.........# ###.....###
>......##.#...##.# .....##
........Z.##...#... .###.#


You could see a gnoll sergeant and a gnoll.

Vanquished Creatures
  Pikel (D:4)
  A water moccasin (D:5)
  A centaur zombie (D:5)
  4 hounds
  A scorpion zombie (D:5)
  An orc wizard (D:3)
  An iguana (D:5)
  2 gnolls
  2 howler monkey skeletons
  3 adders
  5 dart slugs
  16 orcs
  4 bats
  6 endoplasms
  3 giant cockroaches
  9 goblins
  12 hobgoblins
  7 jackals
  2 quokkas
  5 ball pythons
  5 frilled lizards
  9 kobolds
  7 rats
107 creatures vanquished.

Notes
Turn   | Place    | Note
-------+----------+-------------------------------------------
     0 | D:1      | Revguard the Demonspawn Gladiator began the quest for the
                  | Orb.
     0 | D:1      | Reached XP level 1. HP: 16/16 MP: 1/1
   280 | D:1      | Reached skill level 1 in Necromancy
   280 | D:1      | Gained mutation: You regenerate magic rapidly. [demonic
                  | ancestry]
   280 | D:1      | Reached XP level 2. HP: 18/22 MP: 2/2
  1163 | D:1      | Gained mutation: When hurt, damage is shared between your
                  | health and your magic reserves. [demonic ancestry]
  1163 | D:1      | Reached XP level 3. HP: 11/27 MP: 3/3
  2002 | D:2      | Reached skill level 1 in Armour
  2002 | D:2      | Gained mutation: You sometimes gain a little power by
                  | taking damage. [demonic ancestry]
  2002 | D:2      | Reached XP level 4. HP: 34/34 MP: 5/5
  2569 | D:2      | Reached skill level 1 in Spellcasting
  2732 | D:3      | Found a faded altar of an unknown god.
  2787 | D:3      | Reached skill level 1 in Evocations
  2803 | D:3      | Found an ornate altar of the Wu Jian Council.
  3470 | D:3      | Reached XP level 5. HP: 15/39 MP: 5/7
  4011 | D:4      | Noticed a lemure
  4012 | D:4      | Noticed a lemure
  4012 | D:4      | Noticed a lemure
  4012 | D:4      | Noticed a lemure
  4012 | D:4      | Noticed Pikel
  4065 | D:4      | Killed Pikel
  4066 | D:4      | Reached XP level 6. HP: 23/47 MP: 2/10
  4066 | D:4      | Gained mutation: You sometimes gain power by taking damage.
                  | [demonic ancestry]
  4066 | D:4      | Reached XP level 7. HP: 25/52 MP: 2/11
  4314 | D:4      | Found a sacrificial altar of Ru.
  4603 | D:5      | Entered Level 5 of the Dungeon
  5549 | D:5      | Found an ancient bone altar of Kikubaaqudgha.
  5557 | D:5      | Became a worshipper of Kikubaaqudgha
  5720 | D:5      | Gained mutation: Your touch may inflict minor irresistible
                  | damage on your foes. [demonic ancestry]
  5720 | D:5      | Reached XP level 8. HP: 19/60 MP: 8/13
  5946 | D:5      | HP: 3/60 [gnoll/+1 flail of holy wrath (4)]
  5946 | D:5      | Slain by a gnoll

Illustrated notes

Levels and vault maps discovered:
D:1:      lemuel_arrival_tunnels, layout_basic, serial_corexii_hall,
          corexii_hall_statues_deadend, chequers_hall_statues_wall_a,
          bh_walls_and_bars
D:2:      wad_pebble_path, layout_basic
D:3:      layout_loops_cross, nicolae_wu_jian_immortal_techniques,
          chequers_ecumenical_altar_twisty, grunt_decor_junction
D:4:      layout_rooms, nicolae_ru_the_path_less_chosen, minmay_cupped,
          uniq_pikel
D:5:      layout_cave_pools, kiku_gazebo_pond_becter

Skill      XL: |  1  2  3  4  5 |
---------------+----------------+-----
Necromancy     | 1 2 3 |  3.8
Maces & Flails | 3 |  3.9
Armour         | 1 2 |  2.6
Dodging        | 3 |  3.9
Spellcasting   | 1 3 |  3.7
Evocations     | 1 2 |  2.9
Fighting       | 3 |  3.7
Throwing       | |  1.7

Action                   |  1- 3 |  4- 6 |  7- 9 || total
-------------------------+-------+-------+-------++-------
Melee: Flail             |   132 |   165 |       ||   297
       Punch             |     1 |     3 |     4 ||     8
       Whip              |       |       |   142 ||   142
       Touch             |       |       |     2 ||     2
Throw: Throwing net      |     1 |     4 |     1 ||     6
  Use: Potion            |       |     7 |     1 ||     8
       Scroll            |       |     6 |     4 ||    10
 Stab: Invisible         |       |     2 |       ||     2
       Held in net/web   |       |     3 |       ||     3
       Sleeping          |       |     1 |       ||     1
Armor: Leather armour    |    50 |    46 |    25 ||   121
       Ring mail         |       |       |    15 ||    15
Dodge: Dodged            |   106 |   120 |   160 ||   386
